 Dungeon Crawl Stone Soup version 0.29-a0-468-ge57f7f99b4 (webtiles) character file.

Game seed: 10663824531823205698

134066 croobank the Covert (level 17, -1/136 HPs)
             Began as a Gnoll Delver on May 21, 2022.
             Was an Initiate of Gozag.
             Killed from afar by a naga mage (16 damage)
             ... with a bolt of poison
             ... on level 3 of the Snake Pit on May 22, 2022.
             The game lasted 04:44:03 (41132 turns).

croobank the Covert (Gnoll Delver)                 Turns: 41132, Time: 04:44:04

Health: -1/136     AC: 17    Str: 20    XL:     17   Next: 16%
Magic:  23/32      EV: 16    Int: 19    God:    Gozag
Gold:   4274       SH:  8    Dex: 17    Spells: 2/38 levels left

rFire   + . .      SeeInvis .   D - +5 long sword (flame)
rCold   . . .      Faith    .   S - +1 buckler of the Blessed Realm {Int+4 Dex+3 Stlth+}
rNeg    . . .      Spirit   .   n - +3 leather armour {rF+}
rPois   .          Reflect  .   J - +2 hat {Will+}
rElec   .          Harm     .   x - scarf {repulsion}
rCorr   .          Rampage  .   v - +0 pair of gloves
Will    ++...                   m - +0 pair of boots
Stlth   +++++++...              N - amulet of regeneration
HPRegen 1.12/turn               r - +4 ring of slaying
MPRegen 0.23/turn               B - +6 ring of strength

@: lethally poisoned (-1 -> -24), ice-armoured, gold aura, constricted, bribing
[the Snake Pit], repel missiles
A: fangs 1, strong nose, distributed training, deformed body
a: Renounce Religion, Potion Petition, Call Merchant, Bribe Branch


You were on level 3 of the Snake Pit.
You worshipped Gozag.
Gozag was most pleased with you.
You visited 5 branches of the dungeon, and saw 27 of its levels.

You collected 10377 gold pieces.
You spent 504 gold pieces at shops.
You paid 5599 gold pieces to Gozag.

Inventory:

Hand Weapons
 a - the +8 dagger of the Forging Soothsayer {vorpal, rPois Str+3}
   (You found it on level 4 of the Dungeon)

   It inflicts extra damage upon your enemies.
   Str:       It affects your strength (+3).
   rPois:     It protects you from poison.
 h - the +9 war axe of Kocrit {freeze, *Rage rF+++ rC- rCorr}
   (You bought it in a shop on level 10 of the Dungeon)

   It freezes those it strikes, dealing additional cold damage.
   It can also slow down cold-blooded creatures.
   rF:        It renders you almost immune to fire.
   rC:        It makes you vulnerable to cold.
   *Rage:     It berserks you when you make melee attacks (+20% chance).
   rCorr:     It protects you from acid and corrosion.
 o - a +1 broad axe of venom
 D - a +5 long sword of flaming (weapon)
 I - a +1 falchion of holy wrath
 Q - the +7 rapier of the Shoals {protect, Will+ Dex+4 Stlth+}
   (You found it on level 1 of the Snake Pit)

   It grants its wielder temporary protection when it strikes (+7 to AC).
   Dex:       It affects your dexterity (+4).
   Will:      It increases your willpower.
   Stlth:     It makes you more stealthy.
Missiles
 s - 18 curare-tipped darts
 E - 9 atropa-tipped darts
 M - a throwing net
 R - 2 silver javelins
 T - 10 boomerangs of dispersal (quivered)
Armour
 m - a +0 pair of boots (worn)
 n - a +3 leather armour of fire resistance (worn)
 v - a +0 pair of gloves (worn)
 x - a scarf of repulsion (worn)
 J - a +2 hat of willpower (worn)
 S - the +1 buckler of the Blessed Realm (worn) {Int+4 Dex+3 Stlth+}
   (You found it on level 6 of the Dungeon)

   Int:       It affects your intelligence (+4).
   Dex:       It affects your dexterity (+3).
   Stlth:     It makes you more stealthy.
 W - the +3 warlock's mirror {reflect}
   (You found it on level 7 of the Dungeon)

   It can block and reflect piercing ranged attacks and magical attacks against
   the wielder's willpower.
Jewellery
 b - a +6 ring of strength
 k - a ring of see invisible
 q - an amulet of the acrobat
 r - a +4 ring of slaying (left hand)
 w - a ring of fire
 y - a ring of ice
 z - a ring of positive energy
 A - a ring of flight
 B - a +6 ring of strength (right hand)
 N - an amulet of regeneration (around neck)
 U - a ring of resist corrosion
Wands
 f - a wand of flame (10)
 g - a wand of digging (15)
 t - a wand of charming (18)
 L - a wand of iceblast (4)
Scrolls
 c - 3 scrolls of fog
 d - 3 scrolls of brand weapon
 i - 4 scrolls of magic mapping
 j - 10 scrolls of identify
 u - 4 scrolls of teleportation
 G - 2 scrolls of poison
 V - a scroll of immolation
Potions
 l - 2 potions of brilliance
 p - a potion of resistance
 C - 6 potions of curing
 F - 6 potions of ambrosia
 H - a potion of cancellation
 K - a potion of flight
 P - 8 potions of magic
 X - a potion of berserk rage
 Y - a potion of haste
Miscellaneous
 e - a box of beasts
 O - a phantom mirror
 Z - a phial of floods


   Skills:
 + Level 13.1 Fighting
 + Level 11.4 Short Blades
 + Level 11.4 Long Blades
 + Level 12.3 Axes
 + Level 11.4 Maces & Flails
 + Level 11.4 Polearms
 + Level 11.4 Staves
 + Level 11.4 Slings
 + Level 11.4 Bows
 + Level 11.4 Crossbows
 + Level 11.4 Throwing
 + Level 11.4 Armour
 + Level 12.3 Dodging
 + Level 14.6 Stealth
 + Level 11.4 Shields
 + Level 11.4 Unarmed Combat
 + Level 11.4 Spellcasting
 + Level 9.7 Conjurations
 + Level 9.7 Hexes
 + Level 9.7 Summonings
 + Level 9.7 Necromancy
 + Level 9.7 Translocations
 + Level 9.7 Transmutations
 + Level 9.7 Fire Magic
 + Level 9.7 Ice Magic
 + Level 9.7 Air Magic
 + Level 9.7 Earth Magic
 + Level 9.7 Poison Magic
 + Level 12.4 Invocations
 + Level 11.4 Evocations


You had 2 spell levels left.
You knew the following spells:

 Your Spells              Type           Power      Damage    Failure   Level
a - Ozocubu's Armour      Ice            47%        N/A       1%          3
b - Tukima's Dance        Hex            47%        N/A       1%          3
c - Necrotize             Necr           100%       1d9       1%          1
d - Flame Wave            Conj/Fire      47%        2d10      1%          4
e - Hailstorm             Conj/Ice       47%        3d11      1%          4
f - Scorch                Fire           94%        2d10      1%          2
g - Fulminant Prism       Conj/Hex       23%        3d13      1%          4
h - Borgnjor's Vile Clut  Necr/Erth      23%        N/A       4%          5
i - Cause Fear            Hex            23%        N/A       1%          4
j - Summon Cactus Giant   Summ           23%        N/A       26%         6

Your spell library contained the following spells:

 Spells                   Type           Power      Damage    Failure   Level
 Apportation              Tloc           94%        N/A       1%          1
 Foxfire                  Conj/Fire      100%       2x1d9     1%          1
 Magic Dart               Conj           100%       1d8       1%          1
 Sting                    Tmut/Pois      100%       1d8       1%          1
 Summon Small Mammal      Summ           100%       N/A       1%          1
 Searing Ray              Conj           94%        2d7       1%          2
 Conjure Flame            Conj/Fire      47%        6-21      1%          3
 Gell's Gravitas          Tloc           47%        N/A       1%          3
 Inner Flame              Hex/Fire       47%        N/A       1%          3
 Lesser Beckoning         Tloc           47%        N/A       1%          3
 Stone Arrow              Conj/Erth      94%        3d12      1%          3
 Teleport Other           Tloc           47%        N/A       1%          3
 Anguish                  Hex/Necr       23%        N/A       1%          4
 Ice Form                 Ice/Tmut       47%        N/A       1%          4
 Iskenderun's Mystic Bla  Conj/Tloc      47%        2d10      1%          4
 Passage of Golubria      Tloc           47%        N/A       1%          4
 Summon Ice Beast         Ice/Summ       47%        N/A       1%          4
 Lee's Rapid Deconstruct  Erth           23%        3d14*     4%          5
 Metabolic Englaciation   Hex/Ice        23%        N/A       4%          5
 Summon Mana Viper        Hex/Summ       47%        N/A       4%          5
 Yara's Violent Unravell  Hex/Tmut       23%        3d10      4%          5
 Death Channel            Necr           23%        N/A       26%         6
 Dragon Form              Tmut           23%        N/A       80%         7
 Enfeeble                 Hex            23%        N/A       80%         7
 Haunt                    Necr/Summ      23%        N/A       80%         7
 Monstrous Menagerie      Summ           23%        N/A       80%         7
 Orb of Destruction       Conj           23%        9d8       80%         7
 Storm Form               Tmut/Air       23%        N/A       80%         7
 Infestation              Necr           23%        N/A       100%        8
 Dragon's Call            Summ           23%        N/A       100%        9
 Animate Dead             Necr           Unusable   N/A       N/A         4
 Simulacrum               Ice/Necr       Unusable   N/A       N/A         6

Dungeon Overview and Level Annotations

Branches:
Dungeon (15/15)            Temple (1/1) D:4            Lair (6/6) D:8
 Shoals (0/4) Lair:2        Snake (3/4) Lair:4        Slime (0/5) Lair:6
    Orc (2/2) D:9             Elf (0/3) Orc:2
 Vaults: D:13-14     Depths: D:15

Altars:
Ashenzari
Cheibriados
Dithmenos
Elyvilon
Fedhas
Gozag
Hepliaklqana
Kikubaaqudgha
Makhleb
Nemelex Xobeh
Okawaru
Qazlal
Ru
Sif Muna
Trog
Uskayaw
Vehumet
Wu Jian
Xom
Yredelemnul
Zin
The Shining One
Beogh

Shops:
D:4 (   D:10 (   D:11 (   D:14 [   Orc:1 *   Orc:2 [(   Snake:2 (**?

Annotations:
D:13 3 runed translucent doors, kairosrom117's ghost, journeyman DrFE
D:14 Jorgrun
Lair:4 2 transporters, Dobruq's ghost, journeyman OgTm
Lair:5 2 transporters, Zooseq's ghost, journeyman GnFE
Lair:6 1 runed translucent door
Orc:2 SirDiesAlot's ghost, adept OgFi


Innate Abilities, Weirdness & Mutations

You have very sharp teeth.
Your uncanny sense of smell can sniff out nearby items.
Your experience applies equally to all skills.
Armour fits poorly on your strangely shaped body.


Message History

The naga mage hits you but does no damage.
You block the naga's attack.
Casting: Ozocubu's Armour (safe; 1% risk of failure)
Confirm with . or Enter, or press ? or * to list all spells.
Casting: Flame Wave (mildly dangerous; 1% risk of failure)
Press: ? - help, Dir - look around, f - activate A wave of flame ripples out!
The flame wave engulfs the naga!
The naga is severely wounded.
The flame wave engulfs the naga warrior!
The naga warrior is heavily wounded. (Press . to intensify the flame waves.)
You feel sick.
The naga warrior hits you with a +0 mace.
* * * LOW HITPOINT WARNING * * *
The naga warrior constricts you.
The naga mage hits you but does no damage.
The naga closely misses you.
A wave of flame ripples out!
The flame wave engulfs the naga but does no damage.
The naga is severely wounded.
The flame wave engulfs the naga warrior!
The naga warrior is heavily wounded.
The flame wave engulfs the naga mage!
The naga mage is moderately wounded.
You feel sick.
The naga mage gestures at you while chanting.
The bolt of poison hits the naga warrior.
The bolt of poison hits you.
You are more poisoned.
* * * LOW HITPOINT WARNING * * *
The naga warrior hits you with a +0 mace!!
* * * LOW HITPOINT WARNING * * *
The naga warrior constricts you.
* * * LOW HITPOINT WARNING * * *
The naga mage casts a spell at you.
The bolt of poison hits the naga warrior.
The bolt of poison hits you!
You are lethally poisoned!
You die...
Your body crumbles into a pile of gold.

.........#......<..<.).........##
..#...#..##..##...............###
.###..##.##.####.......#...).## #
## #############).........#### #
#...........## ##............
##...###...... ##...........#
#.@N......... ##.#N.........
#.##N......... #.##..........
##............ #............
#.##.......#. #.##........#
#.##.........


You could see a naga warrior, a naga mage (fast, strong) and a naga.

Vanquished Creatures
  Gastronok (Lair:1)
  Aizul (Snake:2)
  Snorg (Orc:1)
  An ettin (D:9)
  A fire dragon (D:7)
  2 boulder beetles
  Harold (Lair:1)
  5 two-headed ogres
  9 hydras
  8 naga warriors
  6 anacondas
  A centaur warrior (D:13)
  3 tengu warriors
  11 death yaks
  2 catoblepae (Lair:2)
  6 naga sharpshooters
  An orc high priest (Orc:1)
  4 shock serpents
  Nergalle (D:12)
  3 sea snakes (Snake:2)
  A salamander mystic (Snake:2)
  A swamp dragon (Lair:6)
  Pikel (D:7)
  4 orc knights
  A deep elf pyromancer (D:7)
  3 lindwurms
  A cyclops (Orc:2)
  4 mana vipers
  4 orc sorcerers
  7 ugly things
  4 manticores
  11 salamanders
  10 elephants
  2 guardian serpents
  6 naga magi
  19 cane toads
  5 torpor snails (Lair:6)
  26 black mambas
  2 yaktaurs (D:15)
  11 rime drakes
  3 kobold demonologists
  2 efreet (D:13)
  A freezing wraith (D:15)
  10 komodo dragons
  2 tengu conjurers (D:15)
  2 trolls
  A queen bee (D:12)
  3 meliai (D:12)
  8 hornets
  3 tyrant leeches (Lair:6)
  Prince Ribbit (D:7)
  A raiju (shapeshifter) (D:12)
  8 slime creatures
  21 blink frogs
  6 dream sheep (Lair:6)
  A spriggan (shapeshifter) (D:15)
  A shadow (D:12)
  31 yaks
  A water elemental (D:15)
  A wraith (D:14)
  A vampire (D:10)
  11 wyverns
  7 basilisks
  3 steam dragons
  6 vampire mosquitoes
  A dancing weapon (Lair:1)
  7 wargs
  26 nagas
  Menkaure (D:7)
  An acid dragon (D:10)
  17 water moccasins
  21 orc warriors
  A swamp drake (Lair:6)
  3 ice beasts
  A black bear (D:8)
  4 ogres
  24 wolves
  4 centaurs
  6 kobold brigands
  A lemure (D:7)
  4 phantoms
  21 bullfrogs
  4 gnoll sergeants
  A scorpion (D:4)
  4 necrophages
  10 wights
  34 killer bees
  5 electric eels
  11 howler monkeys
  4 crimson imps (D:3)
  3 lava snakes (Lair:1)
  5 hounds
  5 jellies
  14 orc priests
  A gnoll shaman (D:7)
  12 iguanas
  15 orc wizards
  8 hell rats
  39 gnolls
  12 adders
  4 river rats (Lair:6)
  4 shadow imps
  2 white imps
  2 ufetubi (D:5)
  4 worms
  2 dart slugs
  75 orcs
  12 endoplasms
  3 giant cockroaches
  11 goblins
  9 hobgoblins
  5 jackals
  24 kobolds
  7 quokkas
  7 ball pythons
  2 bats
  8 rats
  A bush (Lair:4)
  3 fulminant prisms (Orc:2)
841 creatures vanquished.

Vanquished Creatures (collateral kills)
  A fire dragon (Lair:6)
  A salamander tyrant (Snake:3)
  A naga warrior (Snake:3)
  3 shock serpents
  A naga sharpshooter (Snake:2)
  2 sea snakes (Snake:3)
  An orc knight (Orc:2)
  3 mana vipers (Snake:3)
  2 ugly things (D:14)
  2 guardian serpents (Snake:3)
  3 black mambas (Snake:2)
  3 naga magi
  9 nagas
  A gnoll sergeant (D:12)
  An orc priest (Orc:1)
  2 gnolls
36 creatures vanquished.

Vanquished Creatures (others)
  A naga warrior (Snake:3)
  A two-headed ogre (Orc:2)
  A naga sharpshooter (Snake:2)
  3 salamanders
  A guardian serpent (Snake:2)
  2 naga magi (Snake:2)
  3 nagas (Snake:2)
  7 dancing weapons
  An orc (D:6)
  96 fulminant prisms
  59 fungi
  89 plants
  4 toadstools (D:15)
268 creatures vanquished.

Grand Total: 1145 creatures vanquished

Notes
Turn   | Place    | Note
-------+----------+-------------------------------------------
     0 | D:5      | Reached skill level 9 in Stealth
     0 | D:5      | croobank the Gnoll Delver began the quest for the Orb.
     0 | D:5      | Reached XP level 1. HP: 23/23 MP: 1/1
    34 | D:4      | Identified the +8 dagger of the Forging Soothsayer {vorpal,
                  | rPois Str+3}
    69 | D:4      | Found a staircase to the Ecumenical Temple.
    79 | Temple   | Entered the Ecumenical Temple
   139 | Temple   | Became a worshipper of Gozag Ym Sagoz the Greedy
   177 | D:4      | Noticed an iguana
   181 | D:4      | Found Ylef's Weapon Shoppe.
   204 | D:4      | Reached XP level 2. HP: 24/29 MP: 2/2
   249 | D:4      | Reached skill level 1 in Invocations
   249 | D:4      | Reached XP level 3. HP: 23/35 MP: 2/4
   402 | D:2      | Reached skill level 1 in Short Blades
   402 | D:2      | Reached skill level 1 in Long Blades
   402 | D:2      | Reached skill level 1 in Maces & Flails
   402 | D:2      | Reached skill level 1 in Polearms
   402 | D:2      | Reached skill level 1 in Staves
   402 | D:2      | Reached skill level 1 in Slings
   402 | D:2      | Reached skill level 1 in Bows
   402 | D:2      | Reached skill level 1 in Crossbows
   402 | D:2      | Reached skill level 1 in Throwing
   402 | D:2      | Reached skill level 1 in Armour
   402 | D:2      | Reached skill level 1 in Shields
   402 | D:2      | Reached skill level 1 in Unarmed Combat
   402 | D:2      | Reached skill level 1 in Spellcasting
   402 | D:2      | Reached skill level 1 in Evocations
   499 | D:1      | Reached XP level 4. HP: 41/41 MP: 5/5
  1061 | D:2      | Reached skill level 1 in Conjurations
  1061 | D:2      | Reached skill level 1 in Hexes
  1061 | D:2      | Reached skill level 1 in Summonings
  1061 | D:2      | Reached skill level 1 in Necromancy
  1061 | D:2      | Reached skill level 1 in Translocations
  1061 | D:2      | Reached skill level 1 in Transmutations
  1061 | D:2      | Reached skill level 1 in Fire Magic
  1061 | D:2      | Reached skill level 1 in Ice Magic
  1061 | D:2      | Reached skill level 1 in Air Magic
  1061 | D:2      | Reached skill level 1 in Earth Magic
  1061 | D:2      | Reached skill level 1 in Poison Magic
  1352 | D:2      | Found a faded altar of an unknown god.
  1442 | D:3      | Reached XP level 5. HP: 47/47 MP: 6/6
  2049 | D:3      | Found a shimmering altar of Xom.
  2056 | D:3      | Reached XP level 6. HP: 49/53 MP: 8/8
  2064 | D:3      | Reached skill level 5 in Axes
  2064 | D:3      | Reached skill level 5 in Dodging
  2157 | D:3      | Found a glowing silver altar of Zin.
  2536 | D:4      | Found a hide-covered altar of Uskayaw.
  2537 | D:4      | Found an ancient bone altar of Kikubaaqudgha.
  2557 | D:4      | Reached XP level 7. HP: 59/59 MP: 10/10
  2630 | D:4      | Found a stormy altar of Qazlal.
  2712 | D:4      | Found an iron altar of Okawaru.
  2762 | D:4      | Noticed a wyvern
  2772 | D:4      | Killed a wyvern
  2773 | D:4      | Reached skill level 10 in Stealth
  2898 | D:4      | Reached XP level 8. HP: 67/67 MP: 12/12
  3154 | D:5      | Found a bloodstained altar of Trog.
  3329 | D:5      | Found a broken altar of Ashenzari.
  3494 | D:5      | Learned a level 3 spell: Ozocubu's Armour
  3498 | D:5      | Learned a level 3 spell: Tukima's Dance
  3500 | D:5      | Learned a level 1 spell: Necrotize
  3814 | D:6      | Found a shadowy altar of Dithmenos.
  4055 | D:6      | Reached XP level 9. HP: 67/72 MP: 14/14
  4066 | D:6      | Identified the +1 buckler of the Blessed Realm {Int+4 Dex+3
                  | Stlth+}
  4309 | D:6      | Found a hazy altar of Hepliaklqana.
  4559 | D:8      | Noticed a death yak
  4559 | D:8      | Noticed a death yak
  4890 | D:7      | Noticed Menkaure
  4897 | D:7      | Killed Menkaure
  4902 | D:7      | Noticed a deep elf pyromancer
  4937 | D:7      | Killed a deep elf pyromancer
  4938 | D:7      | Reached skill level 5 in Invocations
  5231 | D:7      | Noticed a tengu warrior
  5234 | D:7      | Noticed a fire dragon
  5257 | D:7      | Killed a tengu warrior
  5258 | D:7      | Reached skill level 5 in Short Blades
  5258 | D:7      | Reached skill level 5 in Long Blades
  5258 | D:7      | Reached skill level 5 in Maces & Flails
  5258 | D:7      | Reached skill level 5 in Polearms
  5258 | D:7      | Reached skill level 5 in Staves
  5258 | D:7      | Reached skill level 5 in Slings
  5258 | D:7      | Reached skill level 5 in Bows
  5258 | D:7      | Reached skill level 5 in Crossbows
  5258 | D:7      | Reached skill level 5 in Throwing
  5258 | D:7      | Reached skill level 5 in Armour
  5258 | D:7      | Reached skill level 5 in Shields
  5258 | D:7      | Reached skill level 5 in Unarmed Combat
  5258 | D:7      | Reached skill level 5 in Spellcasting
  5258 | D:7      | Reached skill level 5 in Evocations
  5258 | D:7      | Reached XP level 10. HP: 24/81 MP: 13/17
  5262 | D:7      | Killed a fire dragon
  5266 | D:7      | Found the +3 warlock's mirror {reflect}
  5594 | D:7      | Reached skill level 11 in Stealth
  5765 | D:7      | Noticed Pikel
  5781 | D:7      | Killed Pikel
  5911 | D:7      | Noticed Prince Ribbit
  5978 | D:7      | Killed Prince Ribbit
  6291 | D:7      | Killed a death yak
  6542 | D:8      | Reached XP level 11. HP: 87/87 MP: 19/19
  6580 | D:8      | Learned a level 4 spell: Flame Wave
  6585 | D:8      | Learned a level 4 spell: Hailstorm
  6588 | D:8      | Learned a level 2 spell: Scorch
  7142 | D:8      | Noticed a two-headed ogre
  7157 | D:8      | Killed a two-headed ogre
  7158 | D:8      | Reached skill level 5 in Conjurations
  7158 | D:8      | Reached skill level 5 in Hexes
  7158 | D:8      | Reached skill level 5 in Summonings
  7158 | D:8      | Reached skill level 5 in Necromancy
  7158 | D:8      | Reached skill level 5 in Translocations
  7158 | D:8      | Reached skill level 5 in Transmutations
  7158 | D:8      | Reached skill level 5 in Fire Magic
  7158 | D:8      | Reached skill level 5 in Ice Magic
  7158 | D:8      | Reached skill level 5 in Air Magic
  7158 | D:8      | Reached skill level 5 in Earth Magic
  7158 | D:8      | Reached skill level 5 in Poison Magic
  7449 | D:8      | Noticed a death yak
  7449 | D:8      | Noticed a death yak
  7450 | D:8      | Noticed a death yak
  7454 | D:8      | Noticed a death yak
  7458 | D:8      | Killed a death yak
  7462 | D:8      | Killed a death yak
  7466 | D:8      | Killed a death yak
  7479 | D:8      | Killed a death yak
  7487 | D:8      | Killed a death yak
  7492 | D:8      | Found a staircase to the Lair.
  8323 | D:9      | Found a shimmering blue altar of Sif Muna.
  8424 | D:9      | Found a basalt altar of Yredelemnul.
  8432 | D:9      | Found a blossoming altar of Fedhas.
  8556 | D:9      | Found a staircase to the Orcish Mines.
  8739 | D:10     | Entered Level 10 of the Dungeon
  8848 | Lair:1   | Entered Level 1 of the Lair of Beasts
  8854 | Lair:1   | Learned a level 4 spell: Fulminant Prism
  8854 | Lair:1   | Noticed Harold
  8883 | Lair:1   | Killed Harold
  8888 | Lair:1   | Reached XP level 12. HP: 52/96 MP: 3/22
  9654 | Lair:1   | Noticed Gastronok
 10044 | Lair:1   | Killed Gastronok
 11216 | Lair:2   | Reached skill level 12 in Stealth
 11225 | Lair:2   | Noticed a boulder beetle
 11695 | Lair:2   | Reached skill level 10 in Fighting
 11990 | Lair:2   | Identified the +4 war axe "Trog's Anger" {vorpal, Fragile
                  | rPois Str+9 Int-5 Stlth+}
 12018 | Lair:2   | Noticed a catoblepas
 12036 | Lair:2   | Killed a catoblepas
 12350 | Lair:2   | Found a staircase to the Shoals.
 12678 | Lair:2   | Killed a boulder beetle
 13321 | Lair:2   | Noticed a catoblepas
 13333 | Lair:2   | Killed a catoblepas
 13334 | Lair:2   | Reached XP level 13. HP: 24/103 MP: 24/24
 15544 | Lair:4   | Found a staircase to the Snake Pit.
 16054 | Lair:4   | Identified a scroll of acquirement
 16054 | Lair:4   | Acquired Sif Muna's Incunabulum of Confrontation and Shape
                  | Shifting
 16062 | Lair:4   | Learned a level 5 spell: Borgnjor's Vile Clutch
 16317 | Lair:4   | Found a transporter.
 16321 | Lair:4   | Noticed Dobruq's ghost (journeyman OgTm)
 16699 | Lair:4   | Found a transporter.
 16905 | Lair:4   | Reached skill level 10 in Axes
 16905 | Lair:4   | Reached skill level 10 in Dodging
 16905 | Lair:4   | Reached XP level 14. HP: 113/113 MP: 26/26
 17601 | Lair:5   | Noticed Zooseq's ghost (journeyman GnFE)
 17615 | Lair:5   | Found a bloodstained altar of Trog.
 17622 | Lair:5   | Found a transporter.
 17625 | Lair:5   | Found a transporter.
 18019 | Lair:6   | Entered Level 6 of the Lair of Beasts
 18152 | Lair:6   | Reached skill level 13 in Stealth
 18547 | Lair:6   | Reached skill level 10 in Invocations
 18573 | Lair:6   | Found a staircase to the Slime Pits.
 20592 | Lair:6   | Found a runed translucent door.
 20637 | Lair:6   | HP: 5/113 [torpor snail (9)]
 21361 | Lair:6   | Paralysed by a hornet for 3 turns
 21552 | Lair:5   | Paralysed by a hornet for 1 turns
 22317 | Lair:6   | Learned a level 4 spell: Cause Fear
 22540 | D:9      | Paralysed by a hornet for 2 turns
 22543 | D:9      | Reached XP level 15. HP: 110/120 MP: 28/28
 22754 | Orc:1    | Entered Level 1 of the Orcish Mines
 22754 | Orc:1    | Found Omagaqog's General Store.
 23697 | Orc:1    | Noticed Snorg
 23728 | Orc:1    | Killed Snorg
 23982 | Orc:2    | Entered Level 2 of the Orcish Mines
 24082 | Orc:2    | Found a runed translucent door.
 24613 | Orc:2    | Found a staircase to the Elven Halls.
 24668 | Orc:2    | Found a runed translucent gate.
 24669 | Orc:2    | Found a runed translucent gate.
 24670 | Orc:2    | Found a runed translucent gate.
 24671 | Orc:2    | Noticed SirDiesAlot's ghost (adept OgFi)
 24998 | Orc:2    | Noticed an orc warlord
 25176 | Orc:1    | Bought a scroll of enchant armour for 127 gold pieces
 25808 | D:10     | Reached skill level 10 in Short Blades
 25808 | D:10     | Reached skill level 10 in Long Blades
 25808 | D:10     | Reached skill level 10 in Maces & Flails
 25808 | D:10     | Reached skill level 10 in Polearms
 25808 | D:10     | Reached skill level 10 in Staves
 25808 | D:10     | Reached skill level 10 in Slings
 25808 | D:10     | Reached skill level 10 in Bows
 25808 | D:10     | Reached skill level 10 in Crossbows
 25808 | D:10     | Reached skill level 10 in Throwing
 25808 | D:10     | Reached skill level 10 in Armour
 25808 | D:10     | Reached skill level 10 in Shields
 25808 | D:10     | Reached skill level 10 in Unarmed Combat
 25808 | D:10     | Reached skill level 10 in Spellcasting
 25808 | D:10     | Reached skill level 10 in Evocations
 26218 | D:10     | Found Peddi's Antique Weapon Emporium.
 26221 | D:10     | Bought an ivory war axe for 246 gold pieces
 26221 | D:10     | Identified the +9 war axe of Kocrit {freeze, *Rage rF+++
                  | rC- rCorr} (You bought it in a shop on level 10 of the
                  | Dungeon)
 26301 | D:11     | Found Dady's Weapon Shop.
 27778 | D:12     | Noticed Nergalle
 27786 | D:12     | Killed Nergalle
 28680 | D:13     | Found a runed translucent gate.
 28683 | D:13     | Found a runed translucent gate.
 28683 | D:13     | Found a runed translucent gate.
 28683 | D:13     | Identified the +5 plate armour "Dierre" {Contam rPois rC+
                  | Will+++ Stlth-}
 28683 | D:13     | Noticed kairosrom117's ghost (journeyman DrFE)
 29505 | Snake:1  | Entered Level 1 of the Snake Pit
 29786 | Snake:1  | Identified the +7 rapier of the Shoals {protect, Will+
                  | Dex+4 Stlth+}
 31741 | Snake:1  | Reached skill level 14 in Stealth
 31772 | Snake:1  | Reached XP level 16. HP: 128/128 MP: 1/30
 32889 | Snake:2  | HP: 2/129 [shock serpent/bolt of electricity (21)]
 33077 | Snake:2  | Found Vapuhom's General Store.
 33080 | Snake:2  | Found Havvuhil's Magic Scroll Shop.
 33080 | Snake:2  | Found Ecyppeloghu's Weapon Boutique.
 33083 | Snake:2  | Found Kaisaba's Assorted Antiques.
 33085 | Snake:2  | Bought a potion of heal wounds for 65 gold pieces
 33123 | Snake:2  | Gained mutation: You have a pair of small horns on your
                  | head. [potion of mutation]
 33123 | Snake:2  | Gained mutation: You possess an exceptional clarity of
                  | mind. [potion of mutation]
 33123 | Snake:2  | Gained mutation: You do not regenerate when monsters are
                  | visible. [potion of mutation]
 33124 | Snake:2  | Lost mutation: You do not regenerate when monsters are
                  | visible. [potion of mutation]
 33124 | Snake:2  | Lost mutation: You have a pair of small horns on your head.
                  | [potion of mutation]
 33124 | Snake:2  | Gained mutation: You are dopey. (Int -2) [potion of
                  | mutation]
 33125 | Snake:2  | Lost mutation: You are dopey. (Int -2) [potion of mutation]
 33125 | Snake:2  | Lost mutation: You possess an exceptional clarity of mind.
                  | [potion of mutation]
 33125 | Snake:2  | Gained mutation: You are frail. (-10% HP) [potion of
                  | mutation]
 33125 | Snake:2  | Gained mutation: You are strong-willed. (Will+) [potion of
                  | mutation]
 33125 | Snake:2  | Gained mutation: You have hidden genetic potential. [potion
                  | of mutation]
 33126 | Snake:2  | Lost mutation: You have hidden genetic potential. [potion
                  | of mutation]
 33126 | Snake:2  | Lost mutation: You are frail. (-10% HP) [potion of
                  | mutation]
 33126 | Snake:2  | Lost mutation: You are strong-willed. (Will+) [potion of
                  | mutation]
 33126 | Snake:2  | Gained mutation: Armour fits poorly on your strangely
                  | shaped body. [potion of mutation]
 33829 | Snake:2  | Noticed Aizul
 33842 | Snake:2  | Killed Aizul
 34099 | Snake:2  | Identified the +5 spear "Qoruf" {speed, *Corrode rElec rF-
                  | rC+++}
 34975 | Snake:2  | Bought a scroll of poison for 66 gold pieces
 35226 | Snake:2  | Learned a level 6 spell: Summon Cactus Giant
 36489 | Orc:2    | Found Fiw Qos's Antique Weapon Boutique.
 36491 | Orc:2    | Found Kassileo's Antique Armour Shop.
 37614 | D:13     | Identified the +2 robe "Ciumpaif" {Regen+ Int+4 Dex-5}
 37774 | D:14     | Noticed Jorgrun
 38077 | D:14     | Found Bumeokh's Antique Armour Shop.
 38423 | D:14     | You fall into a shaft and drop 1 floor!
 38423 | D:15     | Entered Level 15 of the Dungeon
 38873 | D:15     | HP: 2/129 [cyan ugly thing (12)]
 38884 | D:15     | HP: 5/129 [yaktaur/bolt (23)]
 39956 | Snake:2  | Reached XP level 17. HP: 56/136 MP: 22/32
 41132 | Snake:3  | Killed from afar by a naga mage

Illustrated notes

Levels and vault maps discovered:
D:1:      amcnicky_arrival_gap_in_the_tavern_cellar, layout_rooms,
          minmay_heptomino_o4
D:2:      layout_rooms, hellmonk_ecumenical_altar_prayer_group,
          minmay_stone_trees_small, minmay_misc_feat_square,
          kennysheep_cross_bottleneck
D:3:      layout_loops_corners, led_xom_imps, zin_academy
D:4:      cheibrodos_barr_body, layout_cave_pools, okawaru_trees_1,
          grunt_qazlal_clouds, gammafunk_temple_overflow_statue,
          minmay_temple_entry_mist, serial_shops,
          nicolae_shop_bloodbath_and_beyond, hangedman_feature_mirror
D:5:      layout_cave_pools, mainiacjoe_overflow_alcove_1,
          mainiacjoe_overflow_paths
D:6:      layout_loops_ring, grunt_dithmenos_smoke_and_mirrors,
          nzn_hepliaklqana_mist_gate, kennysheep_crisscross,
          minmay_unpleasant_kobolds
D:7:      minmay_the_grid_plus_closed [minmay_the_grid_diamond_grid,
          minmay_the_grid_eight, minmay_the_grid_plusring, minmay_the_grid_mess,
          minmay_the_grid_prize_diamond_cup], layout_basic, uniq_menkaure,
          uniq_pikel, uniq_prince_ribbit1
D:8:      layout_cave_pods, dpeg_lair_monsters
D:9:      layout_roguey, nicolae_sif_muna_condensation,
          grunt_temple_overflow_open, minmay_orc_entry_guard_dogs
D:10:     layout_stronghold, serial_shops, kennysheep_mini_moat
D:11:     layout_loops_cross, serial_shops, nicolae_shop_statue_plus
D:12:     layout_roguey [special_room_bee], uniq_nergalle
D:13:     layout_irregular_city, biasface_ghost_orc_armoury
D:14:     layout_basic, hangedman_vaults_entry_quadrant_bands, serial_shops,
          nicolae_stop_n_shop_1, uniq_nessos, uniq_jorgrun
D:15:     grunt_enter_depths_snipers, layout_rooms, minmay_gold_behind_fungi,
          grunt_ministairs_2, minivault_14
Temple:   jpeg_temple_island
Lair:1:   layout_chaotic_city, nicolae_lair_liquid_snakes, uniq_harold,
          uniq_gastronok
Lair:2:   nzn_winding_woodlands_stair_cross
          [nzn_winding_woodlands_5x15_concentric,
          nzn_winding_woodlands_center_lodge, nzn_winding_woodlands_5x15_eye,
          nzn_winding_woodlands_5x5_three, nzn_winding_woodlands_hourglass,
          nzn_winding_woodlands_5x15_cabin,
          nzn_winding_woodlands_center_triple_pond,
          nzn_winding_woodlands_5x15_lazy_stream], layout_gridlike,
          shoals_dummy_entry, hangedman_lair_generics_rect
Lair:3:   layout_regular_city, beast_lair_carwin_5, infiniplex_staircase_pool
Lair:4:   layout_hall_layers, minmay_snake_entry_guardpost_small, special_room
          [special_room_mythical_zoo], gammafunk_ghost_berserking_beasts
Lair:5:   cheibrodos_lair_river_kwai, layout_regular_city,
          gammafunk_ghost_wrathful_warriors, serial_bayou_shore_a
Lair:6:   guppyfry_lair_end_dragon, layout_regular_city, wormcave, slime_dummy,
          gauntlet_entry_generic, kennysheep_rathole, serial_bayou_shore_b
Snake:1:  layout_misc_corridors, special_room
Snake:2:  layout_chambers, hangedman_snake_wide_pillar_pass, grunt_megastairs_2,
          minmay_shoptagon, uniq_aizul
Snake:3:  layout_cave_shapes, nicolae_snake_springs
Orc:1:    layout_caves, serial_shops, shop, nicolae_orc_sculptors_studio,
          nicolae_orc_bridge_out, uniq_snorg
Orc:2:    grunt_orc_community_town_hall, layout_diamond_mine,
          grunt_orc_community_big_house_2, grunt_orc_community_big_house_1,
          grunt_orc_community_house_2, grunt_orc_community_house_3,
          grunt_orc_community_house_1, grunt_orc_community_house_2,
          ebering_ghost_rock_garden, lightli_church_of_beogh

Skill      XL: |  1  2  3  4  5  6  7  8  9 10 11 12 13 14 15 16 |
---------------+-------------------------------------------------+-----
Stealth        | 10 11 12 13 14 | 14.6
Invocations    | 1 2 3 4 5 6 7 8 9 10 11 12 | 12.4
Short Blades   | 1 2 3 5 6 7 8 9 10 11 | 11.4
Long Blades    | 1 2 3 5 6 7 8 9 10 11 | 11.4
Maces & Flails | 1 2 3 5 6 7 8 9 10 11 | 11.4
Polearms       | 1 2 3 5 6 7 8 9 10 11 | 11.4
Staves         | 1 2 3 5 6 7 8 9 10 11 | 11.4
Slings         | 1 2 3 5 6 7 8 9 10 11 | 11.4
Bows           | 1 2 3 5 6 7 8 9 10 11 | 11.4
Crossbows      | 1 2 3 5 6 7 8 9 10 11 | 11.4
Throwing       | 1 2 3 5 6 7 8 9 10 11 | 11.4
Armour         | 1 2 3 5 6 7 8 9 10 11 | 11.4
Shields        | 1 2 3 5 6 7 8 9 10 11 | 11.4
Unarmed Combat | 1 2 3 5 6 7 8 9 10 11 | 11.4
Spellcasting   | 1 2 3 5 6 7 8 9 10 11 | 11.4
Evocations     | 1 2 3 5 6 7 8 9 10 11 | 11.4
Conjurations   | 1 2 3 4 5 6 7 8 9 |  9.7
Hexes          | 1 2 3 4 5 6 7 8 9 |  9.7
Summonings     | 1 2 3 4 5 6 7 8 9 |  9.7
Necromancy     | 1 2 3 4 5 6 7 8 9 |  9.7
Translocations | 1 2 3 4 5 6 7 8 9 |  9.7
Transmutations | 1 2 3 4 5 6 7 8 9 |  9.7
Fire Magic     | 1 2 3 4 5 6 7 8 9 |  9.7
Ice Magic      | 1 2 3 4 5 6 7 8 9 |  9.7
Air Magic      | 1 2 3 4 5 6 7 8 9 |  9.7
Earth Magic    | 1 2 3 4 5 6 7 8 9 |  9.7
Poison Magic   | 1 2 3 4 5 6 7 8 9 |  9.7
Axes           | 5 6 7 8 9 10 11 12 | 12.3
Dodging        | 5 6 7 8 9 10 11 12 | 12.3
Fighting       | 7 8 9 10 11 12 13 | 13.1

Action                   |  1- 3 |  4- 6 |  7- 9 | 10-12 | 13-15 | 16-18 || total
-------------------------+-------+-------+-------+-------+-------+-------++-------
Melee: Dagger            |    29 |   116 |   255 |   443 |    10 |       ||   853
       Bite              |     2 |     7 |    23 |    92 |   156 |    45 ||   325
       Punch             |       |     1 |     3 |       |       |       ||     4
       Spear             |       |       |    17 |       |       |       ||    17
       War axe           |       |       |       |    74 |    21 |       ||    95
       Long sword        |       |       |       |       |   839 |   331 ||  1170
Throw: Throwing net      |       |       |       |     5 |     1 |       ||     6
       Dart              |       |       |       |     5 |     3 |       ||     8
       Boomerang         |       |       |       |       |     5 |     1 ||     6
 Cast: Necrotize         |       |       |     2 |     8 |    93 |   101 ||   204
       Tukima's Dance    |       |       |     7 |    10 |    31 |    22 ||    70
       Ozocubu's Armour  |       |       |     2 |     6 |    11 |     8 ||    27
       Flame Wave        |       |       |       |     9 |    55 |     8 ||    72
       Fulminant Prism   |       |       |       |     5 |    73 |    21 ||    99
       Scorch            |       |       |       |     3 |    81 |     3 ||    87
       Hailstorm         |       |       |       |     1 |    15 |     5 ||    21
       Borgnjor's Vile C |       |       |       |       |    96 |   109 ||   205
       Cause Fear        |       |       |       |       |     3 |       ||     3
       Summon Cactus Gia |       |       |       |       |       |     5 ||     5
Invok: Potion Petition   |       |       |       |     1 |       |     4 ||     5
       Bribe Branch      |       |       |       |       |       |     1 ||     1
Evoke: Phial of floods   |       |       |       |     1 |     1 |       ||     2
       Wand              |       |       |       |       |    21 |     3 ||    24
       Phantom mirror    |       |       |       |       |     2 |     1 ||     3
  Use: Scroll            |     1 |       |    14 |    13 |    20 |     5 ||    53
       Potion            |       |       |     4 |     6 |     8 |     9 ||    27
 Stab: Sleeping          |     9 |    20 |    21 |    27 |    14 |       ||    91
       Distracted        |       |     1 |     3 |     5 |    15 |     1 ||    25
       Held in net/web   |       |       |       |     6 |       |       ||     6
       Invisible         |       |       |       |     2 |       |       ||     2
       Paralysed         |       |       |       |       |     6 |       ||     6
Armor: Leather armour    |     5 |    24 |    73 |    88 |   231 |    76 ||   497
       Skin              |       |       |       |       |    29 |       ||    29
Dodge: Dodged            |    14 |    38 |   143 |   301 |   786 |   281 ||  1563
       Repelled          |       |       |       |     1 |    21 |    27 ||    49
Block: Buckler           |       |       |    36 |   142 |   428 |   176 ||   782

Table legend: (Time is in decaauts)
 A = Elapsed time spent in this place.
 B = Non-inter-level travel time spent in this place.
 C = Inter-level travel time spent in this place.
 D = Time resting spent in this place.
 E = Time spent auto-exploring this place.
 F = Levels seen in this place.
 G = Mean time per level.
                   A        B        C        D        E       F      G
               +--------+--------+--------+--------+--------+-----+--------+
         Total |  41005 |  38918 |   2087 |  13062 |  14822 |  27 | 1518.7 |
       Dungeon |  16698 |  15537 |   1161 |   3573 |   7377 |  15 | 1113.2 |
        Temple |     73 |     60 |     13 |      0 |     52 |   1 |   73.0 |
          Lair |  14695 |  14205 |    490 |   6416 |   4514 |   6 | 2449.2 |
     Snake Pit |   6662 |   6354 |    308 |   2313 |   2243 |   3 | 2220.7 |
  Orcish Mines |   2874 |   2761 |    113 |    760 |    636 |   2 | 1437.0 |
               +--------+--------+--------+--------+--------+-----+--------+

Top non-repeatable levels by time:
 Snake:2: 3807 daAuts
  Lair:4: 3144 daAuts
  Lair:2: 3080 daAuts
  Lair:6: 2827 daAuts
  Lair:5: 2439 daAuts
     D:8: 2005 daAuts
 Snake:1: 1996 daAuts
  Lair:1: 1883 daAuts
     D:7: 1883 daAuts
     D:9: 1833 daAuts
    D:10: 1529 daAuts
    D:12: 1513 daAuts
   Orc:2: 1447 daAuts
   Orc:1: 1427 daAuts
    D:13: 1393 daAuts
